 Dungeon Crawl Stone Soup version 0.22-a0-348-gd16d139 (webtiles) character file.

31465 grindst0ne the Fighter (level 13, -7/90 HPs)
             Began as a Kobold Berserker on Apr 9, 2018.
             Was a High Priest of Trog.
             Mangled by a komodo dragon (8 damage)
             ... on level 5 of the Lair of Beasts.
             The game lasted 00:34:58 (21447 turns).

grindst0ne the Fighter (Kobold Berserker)          Turns: 21447, Time: 00:34:59

Health: -7/90      AC: 16    Str: 15    XL:     13   Next: 96%
Magic:  17/17      EV: 11    Int: 13    God:    Trog [*****.]
Gold:   644        SH:  9    Dex: 14    Spells: 12/12 levels left

rFire    + . .     SeeInvis .   b - +3 short sword (freeze)
rCold    . . .     Gourm    .   N - +0 shield
rNeg     . . .     Faith    .   P - +3 chain mail {rPois}
rPois    +         Spirit   .   o - +1 hat
rElec    .         Reflect  .   H - scarf {cloud immunity}
rCorr    .         Harm     .   w - +0 pair of gloves
MR       +++..                  (no boots)
Stlth    ..........             (no amulet)
HPRegen  1.25/turn              F - ring of protection from fire
MPRegen  0.15/turn              X - ring of protection from magic

@: berserk cooldown, regenerating, slowed, very slow
A: small, carnivore
a: Berserk, Trog's Hand, Brothers in Arms, Renounce Religion


You were on level 5 of the Lair of Beasts.
You worshipped Trog.
Trog was extremely pleased with you.
You were very full.

You visited 2 branches of the dungeon, and saw 17 of its levels.

You collected 1117 gold pieces.
You spent 473 gold pieces at shops.

Inventory:

Hand Weapons
 a - the +6 war axe of Imaxipn {chop, +Blink rF++ MR- Dex+4}
   (You found it on level 2 of the Lair of Beasts)

   It inflicts extra damage upon your enemies.
   It affects your dexterity (+4).
   It greatly protects you from fire.
   It affects your resistance to hostile enchantments.
   It lets you blink.
 b - a +3 short sword of freezing (weapon)
 z - a +0 arbalest
 K - the +0 mace of Destruction {elec, +Inv rPois rC+ Stlth-}
   (You found it on level 8 of the Dungeon)

   Occasionally, upon striking a foe, it will discharge some electrical energy
   and cause terrible harm.
   It protects you from cold.
   It protects you from poison.
   It lets you turn invisible.
   It makes you less stealthy.
Missiles
 f - a throwing net
 l - 59 poisoned needles
 p - 87 bolts
 E - 3 curare-tipped needles
 G - 15 tomahawks (quivered)
Armour
 o - a +1 hat (worn)
 q - a +0 chain mail
 w - a +0 pair of gloves (worn)
 B - a +0 scale mail
 H - a scarf of cloud immunity (worn)
 N - a +0 shield (worn)
 P - a +3 chain mail of poison resistance (worn)
Jewellery
 x - an uncursed ring of protection from magic
 F - a ring of protection from fire (left hand)
 X - a ring of protection from magic (right hand)
Wands
 C - a wand of polymorph (10)
 O - a wand of digging (24)
 S - a wand of enslavement (8)
 T - a wand of flame (16)
 Z - a wand of iceblast (11)
Scrolls
 h - a scroll of immolation {unknown}
 n - 4 scrolls of remove curse
 s - 2 scrolls of fear
 v - 6 scrolls of teleportation
 y - a scroll of torment {unknown}
 J - 5 scrolls of fog
 M - 3 scrolls of random uselessness {unknown}
 R - 2 scrolls of enchant weapon {unknown}
 V - 2 scrolls of enchant armour
 W - 2 scrolls of amnesia
 Y - 2 scrolls of silence
Potions
 d - 2 potions of brilliance
 e - 4 potions of agility
 g - a potion of magic
 i - 2 potions of ambrosia
 j - 4 potions of curing
 k - 5 potions of mutation
 m - a potion of lignification
 r - 3 potions of berserk rage
 t - a potion of haste
 u - 2 potions of might
 D - a potion of resistance
Miscellaneous
 L - a lightning rod (4/4)
 Q - a phantom mirror
Comestibles
 c - 41 rations
 A - a chunk of flesh


   Skills:
 - Level 14.3 Fighting
 - Level 14.2 Short Blades
 - Level 9.1 Armour
 - Level 10.3 Dodging
 * Level 3.8 Shields
 - Level 6.0 Evocations


You had 12 spell levels left.
You didn't know any spells.

Dungeon Overview and Level Annotations

Branches:
Dungeon (12/15)            Temple (0/1) D:4            Lair (5/6) D:8
 Shoals (0/4) Lair:2       Spider (0/4) Lair:2
  Slime: Lair:5-6       Orc: D:9-12

Altars:
Elyvilon
Hepliaklqana
Makhleb
Nemelex Xobeh
Okawaru
Ru
Sif Muna
Vehumet
Wu Jian
Yredelemnul
Zin
The Shining One

Shops:
D:4 ?   D:5 *   D:9 (   D:10 [

Annotations:
Lair:3 exclusion: 2 oklob plants


Innate Abilities, Weirdness & Mutations

You are small and have problems with some larger weapons.
You are carnivorous and can eat meat at any time.


Message History

Evoke which item? (* to show all) (? for menu, Esc to quit)
Okay, then.
You feel better.
The komodo dragon bites you but does no damage.
You feel better.
The komodo dragon bites you but does no damage.
The komodo dragon bites you!!
* * * LOW HITPOINT WARNING * * *
You feel better. You block the komodo dragon's attack.
You hit the komodo dragon but do no damage.
The komodo dragon is heavily wounded.
The komodo dragon bites you but does no damage.
You hit the komodo dragon but do no damage.
The komodo dragon is heavily wounded.
The komodo dragon bites you!
* * * LOW HITPOINT WARNING * * *
You feel better. The komodo dragon bites you!!
* * * LOW HITPOINT WARNING * * *
The komodo dragon bites you!
You die...

....... .....
###....... ..P..
###......... .#....
#...........
.#..... #...##
.......###....#
............###
.#.......l..## ###
.....###†@..P###.##
#...P##†........P#
#.....#.........#
#....####.....<.##
#..# #........# #..
##.....P.# .
#####..## #P..### #
###...# ####


You could see a komodo dragon.

Vanquished Creatures
  2 hydras
  2 two-headed ogres
  3 death yaks (Lair:5)
  An oklob plant (Lair:3)
  A manticore (Lair:2)
  A black mamba (Lair:3)
  6 elephants (Lair:3)
  A gargoyle (D:9)
  A torpor snail (Lair:3)
  Joseph (D:7)
  3 centaur skeletons
  6 spiny frogs
  6 komodo dragons
  3 trolls (D:9)
  7 polar bears
  Grinder (D:5)
  A jumping spider (Lair:2)
  2 hornets
  The ghost of Arum the Sneak, an amateur FoAs of Dithmenos (D:3)
  8 blink frogs (Lair:4)
  5 hippogriffs
  A wraith (D:9)
  A wyvern (D:9)
  28 yaks
  A basilisk (Lair:3)
  A human (D:7)
  3 hogs (D:7)
  A soldier ant (D:12)
  9 water moccasins
  2 porcupines
  9 black bears (Lair:3)
  5 orc warriors
  3 ice beasts
  3 sky beasts
  4 phantoms
  8 centaurs
  9 wolves
  6 ogres
  7 crocodiles
  A big kobold (D:9)
  10 bullfrogs
  A gnoll sergeant (D:9)
  A wyvern zombie (D:9)
  2 scorpions
  8 wights
  3 electric eels (Lair:1)
  A bullfrog zombie (D:12)
  4 crimson imps
  4 centaur zombies
  4 hounds
  A quasit (D:8)
  2 jellies
  Crazy Yiuf (D:2)
  A bullfrog skeleton (D:10)
  4 orc priests
  5 orc wizards
  Ijyb (D:4)
  4 iguanas
  10 worker ants
  2 worker ant zombies
  8 adders
  A shadow imp (D:7)
  2 oozes
  2 adder skeletons
  2 worms
  2 dart slugs
  3 leopard geckos (D:3)
  21 orcs
  6 bats
  2 giant cockroaches (D:1)
  6 goblins
  4 hobgoblins
  10 jackals
  9 kobolds
  8 quokkas
  4 ball pythons
  7 frilled lizards
  A jackal skeleton (D:6)
  A quokka zombie (D:5)
  4 rats
336 creatures vanquished.

Vanquished Creatures (others)
  12 fungi
  13 plants
25 creatures vanquished.

Grand Total: 361 creatures vanquished

Notes
Turn   | Place    | Note
-------+----------+-------------------------------------------
     0 | D:1      | grindst0ne the Kobold Berserker began the quest for the Orb.
     0 | D:1      | Reached XP level 1. HP: 14/14 MP: 1/1
    33 | D:1      | Reached XP level 2. HP: 19/19 MP: 2/2
   410 | D:1      | Reached XP level 3. HP: 18/24 MP: 3/3
  1011 | D:2      | Reached ** piety under Trog
  1323 | D:2      | Reached XP level 4. HP: 26/29 MP: 4/4
  1591 | D:2      | Found a runed door.
  1745 | D:2      | Found a faded altar of an unknown god.
  1881 | D:2      | Noticed Crazy Yiuf
  1888 | D:2      | Killed Crazy Yiuf
  1888 | D:2      | Reached skill level 5 in Short Blades
  2084 | D:3      | Reached XP level 5. HP: 33/33 MP: 5/5
  2137 | D:3      | Noticed Arum's ghost (amateur FoAs)
  2151 | D:3      | Killed Arum's ghost
  2151 | D:3      | Reached skill level 5 in Fighting
  2151 | D:3      | Reached XP level 6. HP: 17/40 MP: 6/6
  2239 | D:3      | Found a glowing silver altar of Zin.
  2676 | D:4      | Found Heehoer's Magic Scroll Emporium.
  2679 | D:4      | Noticed an ogre
  2694 | D:4      | Killed an ogre
  2694 | D:4      | Reached skill level 5 in Dodging
  2694 | D:4      | Reached XP level 7. HP: 44/44 MP: 7/7
  2705 | D:4      | Bought a scroll of identify for 24 gold pieces
  2705 | D:4      | Bought a scroll of identify for 24 gold pieces
  2705 | D:4      | Bought 2 scrolls of teleportation for 72 gold pieces
  2705 | D:4      | Bought a scroll of remove curse for 36 gold pieces
  3047 | D:4      | Found a burning altar of Makhleb.
  3050 | D:4      | Found a glowing golden altar of the Shining One.
  3053 | D:4      | Found a white marble altar of Elyvilon.
  3184 | D:4      | Found a basalt altar of Yredelemnul.
  3286 | D:4      | Noticed Ijyb
  3327 | D:4      | Killed Ijyb
  3397 | D:4      | Found a staircase to the Ecumenical Temple.
  3524 | D:4      | You fall through a shaft for 2 floors!
  3551 | D:6      | Found a sacrificial altar of Ru.
  3626 | D:6      | Reached XP level 8. HP: 39/51 MP: 8/8
  3655 | D:6      | Found an ornate altar of the Wu Jian Council.
  3853 | D:6      | Found a deep blue altar of Sif Muna.
  4217 | D:5      | Entered Level 5 of the Dungeon
  4560 | D:5      | Found a sparkling altar of Nemelex Xobeh.
  4617 | D:5      | Found a radiant altar of Vehumet.
  4746 | D:5      | Found Ovetuvefa's General Store.
  4749 | D:5      | Bought a potion of heal wounds for 70 gold pieces
  4827 | D:5      | Found a hazy altar of Hepliaklqana.
  4849 | D:5      | Noticed Grinder
  4866 | D:5      | Killed Grinder
  4866 | D:5      | Reached XP level 9. HP: 57/57 MP: 9/9
  5591 | D:7      | Reached *** piety under Trog
  5760 | D:7      | Noticed a hippogriff
  5778 | D:7      | Reached skill level 10 in Short Blades
  5787 | D:7      | Killed a hippogriff
  6223 | D:7      | Reached XP level 10. HP: 66/66 MP: 10/10
  6403 | D:8      | Noticed Joseph
  6538 | D:7      | Killed Joseph
  6538 | D:7      | Reached skill level 10 in Dodging
  7012 | D:8      | Found an iron altar of Okawaru.
  7111 | D:8      | Reached **** piety under Trog
  7166 | D:8      | Got a polished mace
  7167 | D:8      | Identified the cursed +0 mace of Destruction {elec, +Inv rPois rC+ Stlth-} (You found it on level 8 of the Dungeon)
  7297 | D:8      | Found a staircase to the Lair.
  7372 | D:9      | Found Vyro's Weapon Shop.
  7397 | D:9      | Reached skill level 1 in Evocations
  7406 | D:9      | Reached skill level 10 in Fighting
  7597 | D:9      | Noticed a two-headed ogre
  8028 | D:9      | Reached XP level 11. HP: 52/72 MP: 11/13
  8768 | D:9      | Killed a two-headed ogre
  8933 | D:9      | Reached skill level 5 in Evocations
  8948 | D:9      | Reached ***** piety under Trog
  9798 | D:10     | Entered Level 10 of the Dungeon
  9809 | D:10     | Found Tiepohoss's Antique Armour Emporium.
 10189 | D:10     | Noticed a two-headed ogre
 10202 | D:10     | Killed a two-headed ogre
 11356 | D:12     | Found a deep blue altar of Sif Muna.
 11445 | D:12     | Reached XP level 12. HP: 29/80 MP: 16/16
 11699 | D:12     | Reached skill level 5 in Armour
 12430 | D:12     | Noticed a skeletal warrior
 12430 | D:12     | Noticed a skeletal warrior
 12431 | D:12     | Noticed a skeletal warrior
 12556 | Lair:1   | Entered Level 1 of the Lair of Beasts
 12989 | Lair:1   | HP: 4/81 [electric eel/bolt of electricity (10)]
 14044 | Lair:2   | Found a hole to the Spider Nest.
 14815 | Lair:2   | Found a staircase to the Shoals.
 15500 | Lair:2   | Noticed a four-headed hydra
 15518 | Lair:2   | Killed a four-headed hydra
 15742 | Lair:2   | Got a transparent war axe
 15751 | Lair:2   | Identified the +6 war axe of Imaxipn {chop, +Blink rF++ MR- Dex+4} (You found it on level 2 of the Lair of Beasts)
 16204 | Lair:3   | Reached XP level 13. HP: 87/87 MP: 17/17
 16209 | Lair:3   | Received a gift from Trog
 16980 | Lair:3   | Noticed a four-headed hydra
 18882 | Lair:3   | Killed a five-headed hydra
 19952 | Lair:4   | Reached skill level 1 in Shields
 21137 | D:10     | Bought a glowing chain mail for 247 gold pieces
 21447 | Lair:5   | HP: 1/90 [komodo dragon (18)]
 21447 | Lair:5   | Mangled by a komodo dragon

Vault maps used:
D:1:      co_arrival_square_in_a_square_in_a_square
D:2:      chequers_ecumenical_altar_simple_redux, uniq_crazy_yiuf_cottage
D:3:      lemuel_crystal_altar, lightli_corner_chamber
D:4:      minmay_overflow_temple_star_quad, old_standard_altar,
          minmay_temple_entry_hall, first_ration, serial_shops, shop, uniq_ijyb
D:5:      marbit_many_paths, lemuel_round_altar, serial_shops,
          nicolae_shop_behind_doors, nemelex_spade_bored_becter, uniq_grinder
D:6:      nicolae_ru_path_of_blood, kennysheep_little_box, kennysheep_mini_moat,
          minmay_misc_feat_cross
D:7:      grunt_livestock, grunt_ministairs_14, minmay_hedge_maze
D:8:      lair_entry_dummy, lemuel_statue_altar, uniq_joseph
D:9:      hangedman_cross_veins, serial_shops, shop
D:10:     serial_shops, shop
D:12:     minmay_orc_entry_guard_dogs, serial_shops, nicolae_shop_behind_doors,
          led_sif_book
Lair:1:   disabler_island
Lair:2:   minmay_shoals_entry_beasts, spider_nest_entry_rubble
Lair:3:   beast_lair_carwin_large_3, forest_entry_grove,
          minmay_lair_oklob_chamber, grunt_megastairs_3
Lair:4:   minivault_25, st_stairs_5, small_statue_intersection,
          lemuel_fruit_fields
Lair:5:   special_room, infiniplex_staircase_pool, uniq_josephine

Skill      XL: |  1  2  3  4  5  6  7  8  9 10 11 12 13 |
---------------+----------------------------------------+-----
Dodging        | 3 4 5 6 7 9 10 | 10.3
Fighting       | 4 5 6 7 9 10 11 12 14 | 14.3
Short Blades   | 5 6 7 9 10 12 13 14 | 14.2
Evocations     | 3 6 |  6.0
Armour         | 2 4 7 9 |  9.1
Shields        | 3 |  3.8

Action                   |  1- 3 |  4- 6 |  7- 9 | 10-12 | 13-15 || total
-------------------------+-------+-------+-------+-------+-------++-------
Melee: Short sword       |   128 |    71 |   516 |   841 |   438 ||  1994
       Unarmed           |       |       |    26 |       |       ||    26
       War axe           |       |       |       |   255 |    14 ||   269
       Mace              |       |       |       |    10 |       ||    10
Invok: Berserk           |     2 |     6 |    12 |    28 |    16 ||    64
       Trog's Hand       |       |       |       |     5 |     2 ||     7
Evoke: Wand              |       |       |       |     7 |    16 ||    23
  Use: Scroll            |       |       |    12 |     8 |     7 ||    27
       Potion            |       |       |       |     5 |     7 ||    12
 Stab: Sleeping          |     1 |       |       |       |       ||     1
       Confused          |       |       |       |     1 |       ||     1
  Eat: Chunk             |    12 |     8 |    24 |    56 |    35 ||   135
Armor: Animal skin       |    14 |       |       |       |       ||    14
       Ring mail         |       |    11 |     9 |       |       ||    20
       Scale mail        |       |       |   101 |   214 |    93 ||   408
       Skin              |       |       |       |    22 |       ||    22
       Chain mail        |       |       |       |       |    12 ||    12
Dodge: Dodged            |    88 |    36 |   297 |   712 |   293 ||  1426
Block: Shield            |       |       |       |       |    18 ||    18

Table legend:
 A = Spawn XP
 B = Non-spawn XP
 C = Spawn XP percentage of total XP
 D = Spawn monster count
 E = Non-spawn monster count
 F = Spawn count percentage of total count
 G = Total turns spent on level
                    A         B        C        D         E        F      G
               +---------+---------+-------+---------+---------+-------+---------
         Total |       0 |   44951 |   0.0 |       0 |     336 |   0.0 | 21447
               +---------+---------+-------+---------+---------+-------+---------
           D:1 |       0 |      44 |   0.0 |       0 |      23 |   0.0 |   918
           D:2 |       0 |      82 |   0.0 |       0 |      11 |   0.0 |  1018
           D:3 |       0 |     323 |   0.0 |       0 |      14 |   0.0 |   726
           D:4 |       0 |     443 |   0.0 |       0 |      13 |   0.0 |   935
           D:5 |       0 |     779 |   0.0 |       0 |      17 |   0.0 |   851
           D:6 |       0 |     627 |   0.0 |       0 |      14 |   0.0 |  1036
           D:7 |       0 |    2788 |   0.0 |       0 |      29 |   0.0 |  1262
           D:8 |       0 |     934 |   0.0 |       0 |      15 |   0.0 |   731
           D:9 |       0 |    7062 |   0.0 |       0 |      54 |   0.0 |  2505
          D:10 |       0 |    1548 |   0.0 |       0 |      14 |   0.0 |   909
          D:11 |       0 |     569 |   0.0 |       0 |       9 |   0.0 |   725
          D:12 |       0 |    3448 |   0.0 |       0 |      22 |   0.0 |  1103
        Lair:1 |       0 |    3233 |   0.0 |       0 |      21 |   0.0 |  1323
        Lair:2 |       0 |    4224 |   0.0 |       0 |      15 |   0.0 |  2699
        Lair:3 |       0 |   10937 |   0.0 |       0 |      38 |   0.0 |  3214
        Lair:4 |       0 |    5165 |   0.0 |       0 |      23 |   0.0 |  1368
        Lair:5 |       0 |    2745 |   0.0 |       0 |       4 |   0.0 |   124
               +---------+---------+-------+---------+---------+-------+---------
